 Dungeon Crawl Stone Soup version 0.20-a0-331-g5b3579f (webtiles) character file.

12756 dondy the Severer (level 11, -3/99 HPs)
             Began as a Hill Orc Monk on Dec 21, 2016.
             Was a High Priest of Beogh.
             Slain by a minotaur
             ... wielding a +3 dagger of venom
              (13 damage)
             ... in a labyrinth.
             The game lasted 00:54:35 (12800 turns).

dondy the Severer (Hill Orc Monk)                  Turns: 12800, Time: 00:54:36

Health: -3/99      AC: 13    Str: 20    XL:     11   Next: 98%
Magic:  0/11       EV: 20    Int: 14    God:    Beogh [*****.]
Gold:   773        SH:  0    Dex: 18    Spells: 10/10 levels left

rFire  . . .     SeeInvis .     j - +9 hand axe "Huepaimn" {pain, rPois Str+2 Int+4}
rCold  . . .     Gourm    .     Z - +3 troll leather armour {Snorg}
rNeg   . . .     Faith    .     (no shield)
rPois  +         Spirit   +     r - +0 helmet
rElec  .         Reflect  .     q - +0 cloak
rCorr  +         Harm     .     e - +0 pair of gloves
MR     .....                    (no boots)
Stlth  +++.......               h - amulet of guardian spirit
                                i - +2 ring of evasion
                                n - ring of resist corrosion

@: agile, lethally poisoned (-3 -> -6)
A: walk on water
a: Smiting, Recall Orcish Followers, Give Item to Named Follower, Renounce
Religion


You were in a labyrinth.
You worshipped Beogh.
Beogh was extremely pleased with you.
You were not hungry.

You visited 2 branches of the dungeon, and saw 13 of its levels.
You also visited: Labyrinth and Sewer.

You collected 773 gold pieces.

Inventory:

Hand Weapons
 j - the +9 hand axe "Huepaimn" (weapon) {pain, rPois Str+2 Int+4}
   (You found it on level 9 of the Dungeon)

   In the hands of one skilled in necromantic magic, it inflicts extra damage on
   living creatures.
   It affects your strength (+2).
   It affects your intelligence (+4).
   It protects you from poison.
 M - a cursed +3 long sword of freezing
 T - a +0 battleaxe
 X - the cursed +1 quarterstaff of Gallantry {crush, rF++ Dex-4, unknown}
   (You found it on level 11 of the Dungeon)

   It inflicts extra damage upon your enemies.
   It affects your dexterity (-4).
   It greatly protects you from fire.
   It has a curse placed upon it.
Missiles
 J - 7 needles of paralysis
 W - 2 tomahawks of dispersal (quivered)
Armour
 e - a +0 pair of gloves (worn)
 k - a +2 ring mail of fire resistance
 q - a +0 cloak (worn)
 r - a +0 helmet (worn)
 E - a +0 plate armour
 Z - a +3 troll leather armour (worn) {Snorg}
Magical Staves
 Y - an uncursed staff of death {unknown}
Jewellery
 h - an amulet of guardian spirit (around neck)
 i - a +2 ring of evasion (right hand)
 n - a ring of resist corrosion (left hand)
 x - an uncursed amulet of rage
 D - a +5 ring of intelligence {unknown}
 I - a +4 ring of slaying {unknown}
 R - an uncursed ring of magical power
 U - an uncursed ring of wizardry
Scrolls
 b - 2 scrolls of enchant weapon {unknown}
 d - 3 scrolls of teleportation
 f - 3 scrolls of enchant armour {unknown}
 g - 2 scrolls of remove curse
 m - a scroll of immolation {unknown}
 v - 5 scrolls of recharging {unknown}
 y - a scroll of silence {unknown}
 F - 2 scrolls of fog {unknown}
 G - 3 scrolls of blinking {unknown}
 K - a scroll of torment {unknown}
 L - 5 scrolls of identify {unknown}
 O - 2 scrolls of amnesia {unknown}
Potions
 a - 2 potions of mutation {unknown}
 t - a potion of invisibility {unknown}
 u - a potion of lignification {unknown}
 z - 3 potions of degeneration {unknown}
 A - a potion of might {unknown}
 B - a potion of ambrosia {unknown}
 C - 2 potions of haste {unknown}
 H - 4 potions of heal wounds {unknown}
 P - 2 potions of cancellation {unknown}
 Q - a potion of flight {unknown}
 S - 3 potions of curing
 V - a potion of brilliance {unknown}
Comestibles
 c - 7 bread rations
 o - a meat ration
 p - 6 fruits
 s - 9 slices of pizza
 w - 2 royal jellies


   Skills:
 + Level 9.6 Fighting
 + Level 17.9 Axes
 - Level 10.0 Armour
 - Level 2.4 Dodging
 - Level 1.5 Stealth


You had 10 spell levels left.
You didn't know any spells.

Dungeon Overview and Level Annotations

Branches:
Dungeon (12/15)            Temple (0/1) D:7            Lair (1/6) D:8
    Orc (0/2) D:10

Altars:
Ashenzari
Dithmenos
Elyvilon
Gozag
Hepliaklqana
Makhleb
Okawaru
Sif Muna
Uskayaw
Yredelemnul

Shops:
D:6 (   D:7 (*

Annotations:
D:6 exclusions: 6 doors and oklob plant


Message History

The minotaur is heavily wounded.
The minotaur hits you with a dagger of venom!!
The minotaur gores you.
You feel agile all of a sudden.
You feel sick.
The minotaur hits you with a dagger of venom!
* * * LOW HITPOINT WARNING * * *
The minotaur gores you!
* * * LOW HITPOINT WARNING * * *
Unknown command.
You feel better.
The minotaur hits you with a dagger of venom!
* * * LOW HITPOINT WARNING * * *
You are poisoned.
The minotaur closely misses you.
You slash the minotaur!
The minotaur is severely wounded.
You feel sick.
The minotaur hits you with a dagger of venom!
You die...

# . #.#...
...# #.##
#.. ...## .
# ....###.
#.# ##
..#<#..## #
. .#.#... #
#
##..#.#.##.#
...#.#..#...
#####.#H#..#
#.#
.......@...#
...
.###.#######
#


You could see a minotaur.

Vanquished Creatures
  A centaur warrior (D:11)
  2 two-headed ogres
  An unseen horror (D:10)
  A gargoyle (D:12)
  2 centaur skeletons
  A hornet (D:10)
  A minotaur skeleton (Lab)
  A hippogriff (D:10)
  A wraith (D:10)
  Grum (D:10)
  The ghost of dondy the Chopper, an amateur HOMo (D:3)
  6 hungry ghosts
  6 water moccasins
  A porcupine (Lair:1)
  4 ice beasts
  3 necrophages
  An orc warrior (D:9)
  4 sky beasts
  4 black bears
  2 phantoms
  4 ogres
  3 wolves (D:10)
  An eye of draining (D:10)
  5 centaurs
  7 bullfrogs
  A wyvern zombie (D:7)
  A gnoll sergeant (D:6)
  3 scorpions
  2 wyvern skeletons
  12 killer bees
  2 wights (D:10)
  A howler monkey (D:9)
  2 centaur zombies
  2 crimson imps
  9 jellies
  A quasit (D:9)
  A bullfrog zombie (D:12)
  4 orc priests
  A bullfrog skeleton (D:8)
  Crazy Yiuf (D:6)
  6 hounds
  5 iguanas
  7 orc wizards
  8 worker ants
  2 hound zombies
  Robin (D:2)
  12 gnolls
  7 adders
  5 shadow imps
  17 oozes
  2 adder skeletons (D:4)
  6 worms
  3 dart slugs
  7 leopard geckos
  23 orcs
  3 ball pythons
  9 giant cockroaches
  12 goblins
  11 hobgoblins
  11 jackals
  5 quokkas
  9 bats
  15 frilled lizards
  A giant cockroach zombie (D:5)
  6 kobolds
  A leopard gecko skeleton (D:4)
  10 rats
311 creatures vanquished.

Vanquished Creatures (collateral kills)
  Snorg (D:11)
  A centaur skeleton (D:11)
  2 trolls
  A hippogriff (D:10)
  A basilisk (Lair:1)
  An ice beast (D:8)
  A wolf (D:10)
  A centaur (D:9)
  A phantom (D:8)
  A necrophage (D:9)
  2 scorpions
  A killer bee (D:9)
  A wight (D:10)
  2 hounds
  2 worker ants (D:10)
  A hound skeleton (D:10)
  An adder (D:9)
  8 orcs
29 creatures vanquished.

Vanquished Creatures (others)
  2 orc warriors
  3 orc priests
  An orc wizard (D:8)
  11 orcs
  A jackal (D:5)
  5 fungi (D:6)
23 creatures vanquished.

Grand Total: 363 creatures vanquished

Notes
Turn   | Place    | Note
-------+----------+-------------------------------------------
     0 | D:1      | dondy the Hill Orc Monk began the quest for the Orb.
     0 | D:1      | Reached XP level 1. HP: 19/19 MP: 1/1
   250 | D:1      | Reached XP level 2. HP: 26/26 MP: 2/2
   351 | D:1      | Reached skill level 5 in Axes
   622 | D:1      | Reached XP level 3. HP: 31/31 MP: 3/3
   869 | D:2      | Found a basalt altar of Yredelemnul.
   964 | D:2      | Reached skill level 6 in Axes
  1073 | D:2      | Reached XP level 4. HP: 39/39 MP: 4/4
  1324 | D:2      | Noticed Robin
  1344 | D:2      | Killed Robin
  1508 | D:3      | Reached skill level 7 in Axes
  1621 | D:3      | Noticed dondy's ghost (amateur HOMo)
  1632 | D:2      | Reached XP level 5. HP: 44/45 MP: 3/5
  1830 | D:3      | Killed dondy's ghost
  1830 | D:3      | Reached skill level 8 in Axes
  1830 | D:3      | Reached XP level 6. HP: 22/51 MP: 3/6
  2094 | D:3      | Found a burning altar of Makhleb.
  2094 | D:3      | Noticed a balrug
  2411 | D:4      | Reached skill level 9 in Axes
  2587 | D:4      | Reached skill level 10 in Axes
  2587 | D:4      | Reached XP level 7. HP: 29/57 MP: 4/7
  2715 | D:4      | Found a glowing drain.
  2772 | Sewer    | Entered a sewer
  2994 | Sewer    | Reached skill level 11 in Axes
  3357 | D:5      | Entered Level 5 of the Dungeon
  3436 | D:5      | Found a white marble altar of Elyvilon.
  3470 | D:5      | You fall through a shaft!
  4019 | D:5      | Became a worshipper of Beogh the Brigand
  4019 | D:5      | Reached * piety under Beogh
  4019 | D:5      | Reached ** piety under Beogh
  4028 | D:5      | Reached XP level 8. HP: 56/64 MP: 8/8
  4083 | D:5      | Found a hazy altar of Hepliaklqana.
  4189 | D:5      | Reached skill level 12 in Axes
  4675 | D:5      | Reached skill level 1 in Armour
  4989 | D:6      | Found a hide-covered altar of Uskayaw.
  4990 | D:6      | Noticed a hand axe
  4990 | D:6      | Noticed a dagger
  5181 | D:6      | Reached skill level 13 in Axes
  5223 | D:6      | Got a pair of warped boots
  5229 | D:6      | Identified the cursed -3 pair of boots "Xomiv" {rF+} (You found it on level 6 of the Dungeon)
  5282 | D:6      | Noticed an oklob plant
  5335 | D:6      | Reached XP level 9. HP: 64/70 MP: 7/9
  5476 | D:6      | Reached skill level 5 in Armour
  5555 | D:6      | Reached *** piety under Beogh
  5764 | D:6      | Found Eshree's Antique Weapon Emporium.
  6003 | D:6      | Found a runed door.
  6220 | D:6      | Noticed Crazy Yiuf
  6223 | D:6      | Killed Crazy Yiuf
  6445 | D:7      | Reached skill level 14 in Axes
  6867 | D:7      | Found an iron altar of Okawaru.
  7150 | D:7      | Found Wouxt's Antique Weapon Emporium.
  7526 | D:7      | Found a staircase to the Ecumenical Temple.
  7652 | D:7      | Found Gozag's Platinum Reserve.
  7658 | D:7      | Found an opulent altar of Gozag.
  8034 | D:8      | Found a deep blue altar of Sif Muna.
  8057 | D:8      | Reached XP level 10. HP: 66/77 MP: 8/10
  8133 | D:8      | Noticed a two-headed ogre
  8147 | D:8      | Killed a two-headed ogre
  8147 | D:8      | Reached skill level 15 in Axes
  8512 | D:8      | Found a staircase to the Lair.
  8669 | D:8      | Reached **** piety under Beogh
  8802 | D:8      | Found a shadowy altar of Dithmenos.
  8966 | Lair:1   | Entered Level 1 of the Lair of Beasts
  9240 | D:9      | Found a shattered altar of Ashenzari.
  9271 | D:9      | Got a translucent hand axe
 10214 | D:9      | Identified the +9 hand axe "Huepaimn" {pain, rPois Str+2 Int+4} (You found it on level 9 of the Dungeon)
 10253 | D:10     | Entered Level 10 of the Dungeon
 10262 | D:10     | Reached skill level 10 in Armour
 10352 | D:10     | Reached skill level 16 in Axes
 10362 | D:10     | Found a hide-covered altar of Uskayaw.
 10364 | D:10     | Noticed Grum
 10374 | D:10     | Reached skill level 5 in Fighting
 10378 | D:10     | Reached XP level 11. HP: 76/86 MP: 4/11
 10382 | D:10     | Killed Grum
 10480 | D:10     | Reached ***** piety under Beogh
 10482 | D:10     | Noticed a two-headed ogre
 10499 | D:10     | Killed a two-headed ogre
 10824 | D:10     | Killed an unseen horror
 10824 | D:10     | Reached skill level 17 in Axes
 11081 | D:10     | Found a staircase to the Orcish Mines.
 11408 | D:11     | Got a smoking quarterstaff
 11479 | D:11     | Noticed Snorg
 11491 | D:11     | Killed Snorg
 11656 | D:11     | Gained Morguth as an ally
 11930 | D:11     | Noticed a centaur warrior
 11944 | D:11     | Killed a centaur warrior
 12360 | D:12     | Found a labyrinth entrance.
 12385 | Lab      | Entered a labyrinth
 12788 | Lab      | Noticed a minotaur
 12800 | Lab      | Slain by a minotaur

Vault maps used:
D:1:      eino_arrival_cavern_a, st_stairs_13, minmay_tetromino_s4
D:2:      lemuel_crystal_altar, uniq_robin
D:3:      makhleb_altar_promises_db, first_bread
D:4:      portal_sewer_entry_a
D:5:      kennysheep_little_box, overflow_temple_1_default, st_stairs_9
D:6:      lemuel_slime, dancing_weapons_uskayaw, serial_shops, shop,
          kennysheep_cross_room, uniq_crazy_yiuf_cottage
D:7:      nicolae_gozag_zags_fifth_avenue, serial_shops, shop,
          lemuel_statue_altar
D:8:      old_standard_altar, lemuel_round_altar, lair_entry_dummy,
          grunt_pizzeria
D:9:      ashenzari_altar_1
D:10:     hiddenorc1_lemuel, kennysheep_diamond, uniq_grum
D:11:     uniq_snorg
D:12:     lemuel_traditional_vault, lab_entry_generic, due_unseen_surprise
Lair:1:   minmay_lair_oklob_chamber
Lab:      labyrinth_green, labyrinth_skeletal_remains, nicolae_lab_x,
          nicolae_lab_checkerboard, nicolae_lab_lava
Sewer:    sewer_frog_island_01

Skill      XL: |  1  2  3  4  5  6  7  8  9 10 11 |
---------------+----------------------------------+-----
Axes           | 5 6 7 8 10 11 13 14 16 17 | 17.9
Armour         | 4 8 10 | 10.0
Fighting       | 5 9 |  9.6
Dodging        | |  2.4
Stealth        | |  1.5

Action                   |  1- 3 |  4- 6 |  7- 9 | 10-12 || total
-------------------------+-------+-------+-------+-------++-------
Melee: Hand axe          |   117 |       |       |   256 ||   373
       War axe           |       |   170 |   587 |    38 ||   795
       Battleaxe         |       |       |       |    84 ||    84
Throw: Throwing net      |       |       |     1 |       ||     1
Invok: Convert to Beogh  |       |       |     1 |       ||     1
       Recall Orcish Fol |       |       |       |     1 ||     1
       Give Item to Name |       |       |       |     1 ||     1
Evoke: Wand              |       |       |     1 |     1 ||     2
  Use: Scroll            |       |     1 |     1 |     1 ||     3
       Potion            |       |       |     3 |     3 ||     6
 Stab: Sleeping          |     2 |       |       |       ||     2
       Held in net/web   |       |       |     1 |       ||     1
       Paralysed         |       |       |     2 |       ||     2
       Distracted        |       |       |       |     9 ||     9
  Eat: Chunk             |     1 |     5 |    16 |    19 ||    41
       Pizza             |       |       |     1 |       ||     1
       Fruit             |       |       |       |     3 ||     3
Armor: Robe              |     4 |       |       |       ||     4
       Ring mail         |    28 |    45 |   146 |   124 ||   343
       Troll leather arm |       |       |       |    17 ||    17
Dodge: Dodged            |    75 |    83 |   293 |   205 ||   656
Block: Buckler           |    14 |    23 |    58 |     7 ||   102
